 Dungeon Crawl Stone Soup version 0.21-a0-531-gacddea6 (webtiles) character file.

494 kae the Ruffian (level 6, 0/62 HPs)
             Began as a Troll Monk on Dec 13, 2017.
             Slain by Pikel
             ... wielding a +2 whip of electrocution
              (9 damage)
             ... on level 3 of the Dungeon.
             The game lasted 00:03:59 (3246 turns).

kae the Ruffian (Troll Monk)                        Turns: 3246, Time: 00:03:59

Health: 0/62       AC:  5    Str: 20    XL:     6   Next: 92%
Magic:  5/5        EV: 11    Int:  6    God:
Gold:   89         SH:  0    Dex: 14    Spells: 5/5 levels left

rFire    . . .     SeeInvis .     - Unarmed
rCold    + . .     Gourm    +   (no shield)
rNeg     . . .     Faith    .   a - +0 robe
rPois    .         Spirit   .   (helmet restricted)
rElec    .         Reflect  .   (no cloak)
rCorr    .         Harm     .   (gloves unavailable)
MR       .....                  (boots unavailable)
Stlth    ++........             f - amulet of magic regeneration
HPRegen  0.60/turn              l - ring of protection from cold
MPRegen  0.34/turn              (no ring)

@: no status effects
A: large, unfitting armour, claws 3, fast metabolism 3, gourmand, regeneration
1, shaggy fur 1, tough skin 2
a: no special abilities


You were on level 3 of the Dungeon.
You were not hungry.

You visited 1 branch of the dungeon, and saw 4 of its levels.

You collected 89 gold pieces.

Inventory:

Armour
 a - a +0 robe (worn)
Jewellery
 f - an amulet of magic regeneration (around neck)
 l - a ring of protection from cold (left claw)
Wands
 e - a wand of digging (8)
Scrolls
 g - 3 scrolls of teleportation
 i - 4 scrolls of remove curse
Potions
 d - 2 potions of flight {unknown}
 h - 2 potions of curing {unknown}
 j - a potion of agility {unknown}
 k - a potion of berserk rage {unknown}
 p - a potion of mutation {unknown}
 q - 2 potions of haste
Comestibles
 b - 3 bread rations
 c - a meat ration
 o - 4 royal jellies


   Skills:
 + Level 3.8 Fighting
 + Level 3.8 Dodging
 - Level 1.0 Stealth
 * Level 6.0 Unarmed Combat


You had 5 spell levels left.
You didn't know any spells.

Dungeon Overview and Level Annotations

Branches:
Dungeon (4/15)
 Temple: D:4-7

Altars:
Ru
Uskayaw

Annotations:
D:3 Pikel


Innate Abilities, Weirdness & Mutations

You are too large for most types of armour.
You have claws for hands.
Your metabolism is lightning-fast.
You like to eat raw meat.
Your natural rate of healing is unusually fast.
You are covered in fur. (AC +1)
You have very tough skin. (AC +2)


Message History

Pikel hits you with a whip of electrocution.
You claw Pikel!
Pikel is heavily wounded.
Pikel hits you with a whip of electrocution!
You scratch Pikel.
Pikel is heavily wounded.
Pikel hits you but does no damage.
You are electrocuted!
* * * LOW HITPOINT WARNING * * *
You scratch Pikel but do no damage.
Pikel is heavily wounded.
Pikel sighs. "I should capture elves; my bodyguards all look the same!"
Pikel barely misses you.
You scratch Pikel.
Pikel is severely wounded.
Pikel hits you with a whip of electrocution.
* * * LOW HITPOINT WARNING * * *
You closely miss Pikel.
Pikel is severely wounded.
Pikel hits you with a whip of electrocution!
You die...

.#
#.#.##.#.#.......###########
.#
#.#.##.#.##.###.....#######.
.# #.#.##.#.##.#
#..##.....g... .#
#.#.##.#.##.# #.###########)
.# #.#.##.#..#.#
#...........#.
)#####.#.##.#..#.#
###########.#.
.......#.#.......# #.#.
.......#.#..###..## ######
#.#. ......##.#..#...@K#
#....# #.#)
.........#..#.#...# #....#
#.#) ##########..#.#...#
#....# #.#.
........##..#.#...# #....#
#.#. #######.##..#.#####
#....# #.#. #.##..#.#
#[...###.#. #.##..#.#
#######..........
###.#...#.#
#.......##.####..
#.......#.#
#.#...#.##.#.##..


You could see Pikel.

Vanquished Creatures
  Sigmund (D:2)
  An ice beast (D:3)
  3 slaves
  A bullfrog (D:3)
  7 gnolls (D:3)
  2 adders (D:3)
  A shadow imp (D:3)
  An ooze (D:4)
  A worm (D:3)
  3 dart slugs
  4 leopard geckos
  2 orcs (D:3)
  4 ball pythons
  3 giant cockroaches
  12 goblins
  6 hobgoblins
  6 kobolds
  A quokka (D:2)
  10 bats
  6 frilled lizards
  10 rats
85 creatures vanquished.

Notes
Turn   | Place    | Note
-------+----------+-------------------------------------------
     0 | D:1      | kae the Troll Monk began the quest for the Orb.
     0 | D:1      | Reached XP level 1. HP: 22/22 MP: 0/0
   232 | D:1      | Reached XP level 2. HP: 25/29 MP: 1/1
  1081 | D:2      | Reached XP level 3. HP: 36/36 MP: 2/2
  1203 | D:2      | Found a hide-covered altar of Uskayaw.
  1332 | D:2      | Found a sacrificial altar of Ru.
  1500 | D:2      | Noticed Sigmund
  1512 | D:2      | Killed Sigmund
  1512 | D:2      | Reached skill level 4 in Unarmed Combat
  1512 | D:2      | Reached XP level 4. HP: 18/45 MP: 3/3
  1512 | D:2      | Reached XP level 5. HP: 21/53 MP: 4/4
  1800 | D:3      | Reached skill level 5 in Unarmed Combat
  2037 | D:3      | Reached XP level 6. HP: 61/61 MP: 5/5
  2675 | D:3      | Noticed an ice beast
  2686 | D:3      | Killed an ice beast
  2920 | D:4      | Noticed a slave
  2923 | D:4      | Noticed a slave
  2925 | D:4      | Noticed Pikel
  2936 | D:3      | Reached skill level 6 in Unarmed Combat
  2939 | D:3      | Killed a slave
  3075 | D:4      | Killed a slave
  3113 | D:4      | Noticed a slave
  3203 | D:4      | Killed a slave
  3209 | D:4      | Noticed a slave
  3246 | D:3      | Slain by Pikel

Vault maps used:
D:1:      lightli_arrival_statue_moat, minmay_quantized
D:2:      nicolae_ru_great_annihilating_truth, eat_drink_and_be_merry_uskayaw,
          grunt_ministairs_5, uniq_sigmund
D:3:      minmay_misc_feat_square
D:4:      first_bread, uniq_pikel, uniq_edmund

Skill      XL: |  1  2  3  4  5  6 |
---------------+-------------------+-----
Fighting       | 3 |  3.8
Dodging        | 3 |  3.8
Unarmed Combat | 4 5 6 |  6.0
Stealth        | |  1.0

Action                   |  1- 3 |  4- 6 || total
-------------------------+-------+-------++-------
Melee: Unarmed           |   106 |   128 ||   234
       Punch             |       |     7 ||     7
  Use: Scroll            |     5 |     1 ||     6
 Stab: Sleeping          |     5 |     1 ||     6
       Invisible         |     1 |       ||     1
       Paralysed         |     1 |       ||     1
  Eat: Chunk             |    19 |    11 ||    30
Armor: Robe              |    33 |    26 ||    59
Dodge: Dodged            |    43 |    58 ||   101

Table legend:
 A = Spawn XP
 B = Non-spawn XP
 C = Spawn XP percentage of total XP
 D = Spawn monster count
 E = Non-spawn monster count
 F = Spawn count percentage of total count
 G = Total turns spent on level
                    A         B        C        D         E        F      G
               +---------+---------+-------+---------+---------+-------+---------
         Total |       0 |     706 |   0.0 |       0 |      82 |   0.0 |  3246
               +---------+---------+-------+---------+---------+-------+---------
           D:1 |       0 |      27 |   0.0 |       0 |      14 |   0.0 |   932
           D:2 |       0 |     266 |   0.0 |       0 |      36 |   0.0 |   850
           D:3 |       0 |     406 |   0.0 |       0 |      31 |   0.0 |  1329
           D:4 |       0 |       7 |   0.0 |       0 |       1 |   0.0 |   135
               +---------+---------+-------+---------+---------+-------+---------
